[Event "*** Titled Tuesday Blitz"]
[Site "Chess.com"]
[Date "2020.04.28"]
[Round "9"]
[White "ShahMatKanal"]
[Black "LuisFSiles"]
[Result "1-0"]
[WhiteElo "2446"]
[BlackElo "2292"]
[TimeControl "180+1"]
[EndTime "11:47:45 PDT"]
[Termination "ShahMatKanal won on time"]

1. d4 Nf6 2. c4 g6 3. Nc3 Bg7 4. e4 d6 5. Be2 O-O 6. Nf3 c5 7. O-O Nc6 8. d5 Na5 9. h3 e5 10. Bg5 h6 11. Be3 Nh5 12. Nd2 Nf4 13. Bf3 b6 14. a3 Nb7 15. b4 Bd7 16. Ne2 Nxe2+ 17. Bxe2 f5 18. Nb3 fxe4 19. Nd2 Qh4 20. Bg4 Bf5 21. g3 Qe7 22. Qc2 h5 23. Be2 Bxh3 24. Qxe4 Bf5 25. Qg2 e4 26. Rab1 Bd4 27. Rb3 Rae8 28. Bd1 Qd7 29. Kh2 Nd8 30. bxc5 dxc5 31.
Rh1 Nf7 32. Kg1 Ne5 33. Kf1 Nd3 34. Kg1 Bxe3 35. fxe3 Qg7 36. Be2 Qe5 37. Bxd3 exd3 38. e4 Bxe4 39. Nxe4 Qxe4 40. Qxe4 Rxe4 41. Rxd3 Rxc4 42.
d6 Rd4 43. Rxd4 cxd4 44. g4 hxg4 45. Rh4 Rd8 46. Rxg4 Rxd6 47. Kf1 d3 48. Ke1 d2+ 49. Kd1 Kg7 50. Rf4 Kh6 51. Rh4+ Kg5 52. Rh7 Kg4 53. Rxa7 g5 54. a4 Kg3 55. Ra6 Rd5 56. Rxb6 g4 57. Rb5 Rd4 58. a5 Kf2 59. Rf5+ Ke3 60. a6 Rc4 61.
Re5+ Kf4 62. Re6 Ra4 63. Kxd2 g3 64. Rf6+ Ke5 65. Rg6 Kf4 66. Ke2 1-0

[Event "*** Titled Tuesday Blitz"]
[Site "Chess.com"]
[Date "2020.04.28"]
[Round "9"]
[White "robertofabregas"]
[Black "HouseOfDurin"]
[Result "1-0"]
[WhiteElo "2098"]
[BlackElo "2032"]
[TimeControl "180+1"]
[EndTime "11:47:45 PDT"]
[Termination "robertofabregas won by checkmate"]

1. d4 Nf6 2. Bf4 c5 3. e3 cxd4 4. exd4 g6 5. c3 Bg7 6. Nf3 O-O 7. Nbd2 d5 8. Bd3 h6 9. O-O Nc6 10. Re1 Nh5 11. Be5 Nxe5 12. Nxe5 Nf4 13. Bc2 e6 14. g3 Nh3+ 15. Kg2 Ng5 16. f4 Nh7 17. Ndf3 Re8 18.
Qb1 Nf8 19. Nh4 g5 20. fxg5 hxg5 21. Nhf3 f5 22. Qc1 g4 23. Nh4 Qf6 24. Qe3 Bh6 25.
Qe2 Nh7 26. Rf1 Qg7 27. Rae1 Rf8 28. Nd3 Rf6 29. Nf4 Bg5 30. Qb5 Bxh4 31. gxh4 Bd7 32.
Qxb7 Raf8 33. Kg3 R6f7 34. Nh5 Qh6 35. Qb4 Qxh5 36. Re5 Nf6 37. Bd1 Rh7 38. Qb7 Qxh4+ 39.
Kf4 Qxh2+ 40. Ke3 Qg3+ 41. Kd2 Rh2+ 42. Be2 Rxe2+ 43. Rxe2 Ne4+ 44. Kd1 Ba4+ 45. b3 Nxc3+ 46. Kd2 Nxe2 47. Kxe2 Qg2+ 48. Rf2 Qe4+ 49. Kf1 Be8 50.
Qc7 Bg6 51. Rh2 Rf7 52. Qd8+ Rf8 53. Qh4 Kf7 54. Qg5 Qxd4 55. Rd2 Qf6 56. Qh6 f4 57. Rc2 Re8 58. Rc7+ Re7 59. Rc8 e5 60. Qf8+ Ke6 61. Rc6+ Kf5 62. Qxf6+ Ke4 63. Qxe7 Bf5 64. Rf6 Kf3 65.
Rxf5 e4 66. Qe5 e3 67. Qxf4# 1-0

[Event "*** Titled Tuesday Blitz"]
[Site "Chess.com"]
[Date "2020.04.28"]
[Round "9"]
[White "abhidabhi"]
[Black "Hanging_pointer"]
[Result "1/2-1/2"]
[WhiteElo "2766"]
[BlackElo "2618"]
[TimeControl "180+1"]
[EndTime "11:47:46 PDT"]
[Termination "Game drawn - insufficient material"]

1. Nf3 d5 2. g3 Nf6 3. Bg2 c6 4. O-O Bf5 5. c4 e6 6. cxd5 cxd5 7. d3 Be7 8. a3 O-O 9. b4 a5 10. b5 Nbd7 11. a4 Rc8 12. Bb2 Nc5 13. Nbd2 Bg6 14. Nb3 Nxb3 15. Qxb3 Nd7 16. Rfc1 Nc5 17. Qd1 Bf6 18.
Ne5 Bxe5 19. Bxe5 f6 20. Bb2 b6 21. Ba3 e5 22. Bxc5 bxc5 23. Rab1 c4 24. Qd2 Rb8 25. dxc4 Bxb1 26. Bxd5+ Kh8 27. Rxb1 Qb6 28.
Qe3 Rfc8 29. Qxb6 Rxb6 30. Kf1 g5 31. Ke1 Kg7 32. Kd2 Kf8 33. Rc1 Rd6 34. e4 Rc5 35.
Kc3 f5 36. f3 Ke7 37. Kb3 f4 38. gxf4 gxf4 39. Rg1 Rg6 40. Rxg6 hxg6 41. Bc6 g5 42.
Kc3 Kd6 43. Kd3 Ke7 44. Bd5 Rc8 45. b6 Kd6 46. b7 Rh8 47. h3 Kc7 48. Be6 Kxb7 49. c5 Kc7 50. Kc4 Rb8 51. Kd5 Rb4 52. Kxe5 Rxa4 53. Kf5 Ra3 54. Kxg5 Rxf3 55. Kg4 Rf1 56.
Bd5 f3 57. h4 f2 58. Kf3 Rh1 59. Kxf2 Rxh4 60. Ke3 Rh3+ 61. Kd2 a4 62. Kc2 a3 63. Kb1 Rc3 64. Ka2 Rxc5 65. Kxa3 Rxd5 66. exd5 Kd6 67. Kb4 Kxd5 1/2-1/2

[Event "*** Titled Tuesday Blitz"]
[Site "Chess.com"]
[Date "2020.04.28"]
[Round "9"]
[White "Riptide27"]
[Black "praveenb2002"]
[Result "1/2-1/2"]
[WhiteElo "2520"]
[BlackElo "2726"]
[TimeControl "180+1"]
[EndTime "11:47:47 PDT"]
[Termination "Game drawn - insufficient material"]

1. e4 e5 2. Nf3 Nc6 3. Bc4 Nf6 4. Ng5 d5 5. exd5 Na5 6. Bb5+ c6 7. dxc6 bxc6 8. Be2 h6 9. Nh3 Bc5 10. d3 O-O 11. Nc3 Nd5 12. O-O Rb8 13. a3 Nxc3 14. bxc3 Bxh3 15. gxh3 f5 16. Bf3 Qh4 17. Bg2 Rbe8 18.
Rb1 e4 19. d4 Bd6 20. f4 g5 21. fxg5 hxg5 22. Qe2 f4 23. Qa6 f3 24. Qxa5 fxg2 25.
Rxf8+ Rxf8 26. Qxg5+ Qxg5 27. Bxg5 Rf3 28. Rb3 Rxh3 29.
Kxg2 Rxh2+ 30. Kf1 Rxc2 31. Ke1 Ra2 32. Bd2 Rxa3 33.
Rb7 e3 34. Bxe3 Rxc3 35. Ke2 a5 36. Bd2 Rc4 37. Kd3 Ra4 38. Rb6 Ra3+ 39. Ke4 Kf7 40. Rxc6 Ke7 41. Ra6 Bc7 42. Ra7 Kd8 43. Bf4 Bb6 44.
Ra6 Rb3 45. Bd6 Rb5 46. d5 Kc8 47. Rxb6 Rxb6 48. Bc5 Rb5 49. Kd4 Kd7 50. Kc4 Rb1 51. Ba3 Kc7 52. Bc5 Kb7 53. Ba3 Kb6 54. Bc5+ Ka6 55.
Ba3 Rb8 56. d6 Kb6 57. Kd5 Re8 58. d7 Rd8 59. Kd6 Rh8 60. Ke7 Rh7+ 61. Ke8 Rxd7 62. Kxd7 Kb5 63. Kd6 a4 64. Bc1 Kc4 65. Kc6 Kb3 66.
Kb5 a3 67. Bxa3 1/2-1/2

[Event "*** Titled Tuesday Blitz"]
[Site "Chess.com"]
[Date "2020.04.28"]
[Round "9"]
[White "powermove"]
[Black "FMalexhdez"]
[Result "1-0"]
[WhiteElo "1661"]
[BlackElo "2093"]
[TimeControl "180+1"]
[EndTime "11:47:48 PDT"]
[Termination "powermove won by resignation"]

1. e4 c5 2. Nf3 d6 3. d4 cxd4 4.
Nxd4 Nf6 5. Nc3 g6 6. Bg5 Bg7 7. Bb5+ Bd7 8. Qe2 O-O 9. O-O-O Nc6 10. h4 h6 11. Be3 Rc8 12. f3 Nxd4 13. Bxd4 a6 14.
Bxd7 Qxd7 15. g4 b5 16. g5 Nh5 17. Bxg7 Kxg7 18. gxh6+ Kh7 19. Qe3 b4 20. Nd5 Qa4 21. Qb3 Qxb3 22. axb3 Rfe8 23. Nxb4 a5 24. Nd5 Rc5 25. Rd4 e6 26. Ne3 Rc6 27. Kd2 Rec8 28. Ra1 Nf4 29. Nc4 d5 30. Ne3 dxe4 31. fxe4 e5 32.
Rd7 R8c7 33. Rxc7 Rxc7 34. Rxa5 Rd7+ 35. Kc1 Ne2+ 36. Kb1 Kxh6 37. Rxe5 Nf4 38. Nd5 Nxd5 39. Rxd5 Re7 40. e5 Kh7 41. b4 Re6 42. b5 Kg7 43. c4 Rb6 44. Rc5 Rb8 45. Rc6 Kh6 46. b6 Kh5 47. c5 Kxh4 48. Rc7 g5 49. Rxf7 g4 50. e6 g3 51. e7 Kh3 52. Rg7 g2 53. c6 Kh2 54.
Rxg2+ Kxg2 55. c7 Re8 56. b7 Rxe7 57. c8=Q Re1+ 58. Ka2 Re3 59. Qc6+ Kf2 60. Qc5 Ke2 61. Qxe3+ Kxe3 62. b8=Q Kd3 63. Qb3+ Kd4 64. Qc3+ Ke4 65. b4 Kd5 66. b5 Kd6 67. b6 Kd7 68. b7 Ke6 69. b8=Q Kf5 70. Qbb4 1-0

[Event "*** Titled Tuesday Blitz"]
[Site "Chess.com"]
[Date "2020.04.28"]
[Round "9"]
[White "tufferguy"]
[Black "awesomevishesh"]
[Result "0-1"]
[WhiteElo "2371"]
[BlackElo "2507"]
[TimeControl "180+1"]
[EndTime "11:47:49 PDT"]
[Termination "awesomevishesh won by checkmate"]

1. e4 c5 2. c3 Nf6 3. e5 Nd5 4.
Nf3 d6 5. d4 cxd4 6. cxd4 Nc6 7. Bc4 Nb6 8. Bb5 Bd7 9. Nc3 dxe5 10. d5 Nb8 11. Nxe5 Bxb5 12. Nxb5 a6 13. Nc3 N8d7 14. Qe2 Nxe5 15. Qxe5 Qd6 16. Qd4 e5 17. Qe4 Be7 18. O-O O-O 19. Be3 Nd7 20. Rac1 f5 21.
Qc4 Rac8 22. Qb3 b5 23. Nxb5 axb5 24. Rc6 Qb4 25. Rfc1 Qxb3 26. axb3 Rxc6 27. dxc6 Nf6 28. c7 Rc8 29. Ba7 Kf7 30. Kf1 Ke6 31. Bb8 Bd6 32.
Rc6 Kd7 33. Rc1 Bxc7 34. Rd1+ Kc6 35. Ba7 Ra8 36. Be3 f4 37. Rc1+ Kd7 38. Rd1+ Ke6 39.
Bc5 Ra2 40. Ba3 Nd5 41. Rc1 Bb6 42. Rc6+ Kf5 43. Rd6 b4 44. Bxb4 Nxb4 45. Rxb6 Nd3 46. Ke2 Nxb2 47. Rb7 Nc4+ 48. Kd3 Nd6 49. Rxg7 Rxf2 50.
Rxh7 Rxg2 51. Rh6 e4+ 52. Kd4 Rd2+ 53. Kc3 e3 54. Rh5+ Kg4 55. Re5 Rd1 56. Re6 Kf3 57. Rg6 e2 58. Re6 e1=Q+ 59. Rxe1 Rxe1 60. b4 Ne4+ 61. Kd4 Rh1 62. Ke5 Rxh2 63. b5 Rb2 64. Kd4 Rxb5 65. Kc4 Rc5+ 66. Kd4 Rc8 67. Kd5 Ke3 68.
Ke5 f3 69. Kd5 f2 70. Ke5 f1=Q 71. Ke6 Qf6+ 72. Kd5 Rd8+ 73. Kc4 Qd4+ 74. Kb3 Rb8+ 75. Kc2 Rb2+ 76. Kc1 Qd2# 0-1

[Event "*** Titled Tuesday Blitz"]
[Site "Chess.com"]
[Date "2020.04.28"]
[Round "9"]
[White "GMHess"]
[Black "Spartakus1975"]
[Result "0-1"]
[WhiteElo "2888"]
[BlackElo "2793"]
[TimeControl "180+1"]
[EndTime "11:47:50 PDT"]
[Termination "Spartakus1975 won by checkmate"]

1. d4 d5 2. c4 c6 3. e3 Nf6 4. Nf3 Bf5 5. Nc3 e6 6. Qb3 Qb6 7. c5 Qc7 8. Bd2 Nbd7 9. Nh4 Be4 10. f3 Bg6 11. f4 Be4 12. Nxe4 dxe4 13. Bc4 Nd5 14.
O-O-O Be7 15. g3 f5 16. Kb1 b6 17. cxb6 axb6 18. Rc1 Qb7 19. Rc2 O-O 20. Rhc1 Rfc8 21. Bxd5 cxd5 22. Bb4 Bxh4 23. gxh4 Rxc2 24. Qxc2 Nf6 25.
Qc6 Qxc6 26. Rxc6 Ng4 27. Bd2 Nxh2 28. h5 Nf1 29. Bc1 Ng3 30. h6 gxh6 31. Rc2 h5 32.
Rg2 h4 33. Rh2 Kf7 34. Rxh4 h5 35. Rh3 Rg8 36. a4 Rg4 37. Bd2 Nf1 38. Be1 Rg1 39.
Ka2 Rg2 40. Rxh5 Nxe3 41. Rh7+ Kg6 42. Rb7 Nc2 43. Bc3 e3 44. Rxb6 Kf6 45. a5 e2 46. a6 Rg8 47. Kb1 Ne3 48. Kc1 Rg1+ 49.
Be1 Rxe1+ 50. Kd2 Nc4+ 51. Kxe1 Nxb6 52. Kxe2 Ke7 53. Kd3 Kd6 54. Kc3 Kc6 55. Kb4 Nc4 56.
b3 Ne3 57. a7 Kb7 58. Kc5 Nc2 59. Kd6 Nxd4 60. b4 Nb5+ 61. Kc5 d4 62. Kxb5 d3 63. Kc5 d2 64. a8=Q+ Kxa8 65. Kd6 d1=Q+ 66. Kxe6 Qd4 67. Kxf5 Qxb4 68. Kg5 Qf8 69. f5 Kb7 70. f6 Kc7 71. Kg6 Kd7 72. f7 Ke7 73. Kh7 Qxf7+ 74. Kh8 Qf5 75. Kg7 Qg4+ 76. Kh7 Kf7 77. Kh6 Qh4# 0-1

[Event "*** Titled Tuesday Blitz"]
[Site "Chess.com"]
[Date "2020.04.28"]
[Round "9"]
[White "MPGM"]
[Black "onnoelgersma"]
[Result "0-1"]
[WhiteElo "2480"]
[BlackElo "2308"]
[TimeControl "180+1"]
[EndTime "11:47:52 PDT"]
[Termination "onnoelgersma won by resignation"]

1. e3 Nf6 2. Nf3 d5 3. c4 e6 4. Nc3 b6 5. b3 Bb7 6. cxd5 exd5 7. d4 Bd6 8. Bd3 O-O 9. Bb2 Nbd7 10. O-O a6 11.
Rc1 Re8 12. Ne2 Ne4 13. Ng3 Qf6 14. Qc2 Nxg3 15. hxg3 Qh6 16. Ne5 Nf6 17. f3 Qxe3+ 18. Qf2 Qxf2+ 19. Kxf2 Rac8 20. Nc6 h6 21. g4 Bf4 22.
Rc2 h5 23. Bf5 Ra8 24. Ba3 hxg4 25. Ne7+ Rxe7 26. Bxe7 g3+ 27. Ke1 Re8 28. Re2 Nh7 29. Rh1 g6 30. Bd7 Ra8 31. Kd1 Ng5 32. Bxg5 Bxg5 33.
Kc2 Kg7 34. Re8 Rxe8 35. Bxe8 Bf6 36. Kd3 Be7 37. a4 Bd6 38. Re1 a5 39. Bb5 Bc8 40.
Bc6 Bf5+ 41. Kd2 Bb4+ 42. Ke2 Bxe1 43. Kxe1 Bc2 44. Bxd5 Bf5 45. Kd2 Kf6 46. Ke3 Be6 47. Bc4 Bxc4 48. bxc4 Kf5 49. Kd3 Kf4 50. Ke2 g5 51.
Kd3 f5 52. c5 g4 53. fxg4 Kxg4 54. cxb6 cxb6 55. d5 f4 56. Ke4 f3 57. gxf3+ Kh3 58. d6 g2 59. d7 g1=Q 60. d8=Q Qe1+ 61. Kf4 Qb4+ 62. Ke3 Qxa4 63. Qh8+ Qh4 64. Qc8+ Kh2 65. Qc7+ Qg3 66. Qxb6 Qg1+ 67. Ke4 Qxb6 68. f4 a4 69. f5 a3 70. f6 a2 71. f7 Qb7+ 72. Kd3 Qxf7 73. Kc2 a1=Q 74. Kd2 Qaa2+ 75. Ke3 Qfb3+ 76.
Kd4 Qaa4+ 77. Ke5 Qbb5+ 78. Kd6 Qaa6+ 79. Kc7 Qbb7+ 0-1

[Event "*** Titled Tuesday Blitz"]
[Site "Chess.com"]
[Date "2020.04.28"]
[Round "9"]
[White "WiktoriaPOL"]
[Black "Karina_Ivanova"]
[Result "0-1"]
[WhiteElo "2022"]
[BlackElo "2183"]
[TimeControl "180+1"]
[EndTime "11:47:52 PDT"]
[Termination "Karina_Ivanova won on time"]

1. c4 Nf6 2. Nc3 c5 3. Nf3 e6 4. e4 Nc6 5. e5 Ng4 6. Qe2 Qc7 7. Nb5 Qb8 8. d3 Ncxe5 9. Nxe5 Nxe5 10. g3 a6 11. Nc3 Nc6 12. Bf4 Bd6 13. Bxd6 Qxd6 14. Ne4 Qe7 15. Bg2 O-O 16. Qe3 d6 17. O-O Bd7 18.
Rad1 Nd4 19. Nc3 Rab8 20. Nd5 Qd8 21. Nc3 b5 22. cxb5 axb5 23. Ne4 Qe7 24. f4 d5 25. Nc3 Qd6 26. Rc1 b4 27. Ne2 Nxe2+ 28. Qxe2 f6 29. Rfe1 Rfe8 30. Qe3 d4 31. Qe4 e5 32. fxe5 Rxe5 33.
Qf3 Rbe8 34. Rxe5 Qxe5 35. Qd5+ Qxd5 36. Bxd5+ Be6 37. Rxc5 Bxd5 38. Rxd5 Re2 39. b3 Rxa2 40. Rxd4 Rd2 41. h3 h5 42. Kf1 Kf7 43. Ke1 Rg2 44.
g4 hxg4 45. hxg4 Rg1+ 46. Kf2 Rd1 47. Ke2 Rb1 48. Rxb4 Kg6 49. d4 Kg5 50. d5 Rb2+ 51. Ke3 Rb1 52. Rd4 Rxb3+ 53. Ke2 Rb7 54. d6 Rd7 55. Kf3 Kg6 56. Ke4 Kf7 57. Kd5 g6 58.
Kc6 Rd8 59. d7 f5 60. Kc7 Rf8 61. d8=Q Rxd8 62. Kxd8 Ke6 63. Kc7 Ke5 64. Rc4 f4 65.
Kd7 f3 66. Ke7 f2 67. Rc1 Kf4 68. Rf1 g5 69. Kf6 Kxg4 0-1

[Event "*** Titled Tuesday Blitz"]
[Site "Chess.com"]
[Date "2020.04.28"]
[Round "9"]
[White "GelmanAlexander"]
[Black "aspired"]
[Result "0-1"]
[WhiteElo "2531"]
[BlackElo "2730"]
[TimeControl "180+1"]
[EndTime "11:47:53 PDT"]
[Termination "aspired won on time"]

1. c4 c5 2. Nf3 Nc6 3. e3 Nf6 4. a3 e6 5. d3 d5 6. Nbd2 g6 7.
Be2 Bg7 8. O-O O-O 9. Qc2 b6 10.
cxd5 Qxd5 11. Rd1 Bb7 12. b3 Rfd8 13. Bb2 Rac8 14. Rac1 h6 15. h3 Qd7 16. Qb1 Qe7 17. Qa1 Ne8 18. Bxg7 Nxg7 19. Qb2 Ne8 20. Ne4 f5 21. Ng3 Qf6 22. Qb1 Ne5 23. Nxe5 Qxe5 24.
b4 cxb4 25. Qxb4 Kf7 26. d4 Qd6 27. Qa4 a5 28. Nf1 Bc6 29. Qb3 Bd5 30. Qb2 Nf6 31.
Nd2 g5 32. Nf3 Bxf3 33. Bxf3 g4 34. hxg4 fxg4 35. Bb7 Rc7 36. Rxc7+ Qxc7 37. Ba6 Nd5 38. Rc1 Qd6 39. Qc2 Kg7 40. g3 Rd7 41. Bf1 Rc7 42. Qd1 Rxc1 43. Qxc1 Qc7 44. Qd1 Nf6 45. Bg2 h5 46. a4 Qd6 47. e4 e5 48. d5 Qd7 49.
Qd2 Kg6 50. Qe3 Qd6 51. Bf1 Qc5 52. Qd2 Qd4 53. Qxd4 exd4 54. Bd3 Kf7 55. f4 gxf3 56. Kf2 Ng4+ 57. Kxf3 Ne5+ 58. Ke2 Ke7 59. Bb5 Ng4 60. Kd2 Kd6 61. Be2 Nf6 62. Kd3 Ke5 63. Bf3 Nd7 64.
Bxh5 Nc5+ 65. Kc4 Nxe4 66. Kb5 Kxd5 67. Bf3 Ke5 68. g4 Nc5 0-1

[Event "*** Titled Tuesday Blitz"]
[Site "Chess.com"]
[Date "2020.04.28"]
[Round "9"]
[White "SharapovEvgeny"]
[Black "Shuvalov"]
[Result "1-0"]
[WhiteElo "2327"]
[BlackElo "2440"]
[TimeControl "180+1"]
[EndTime "11:47:57 PDT"]
[Termination "SharapovEvgeny won by checkmate"]

1. e4 e6 2. d4 d5 3. exd5 exd5 4. Nf3 Nc6 5. Bd3 Bg4 6. c3 Bd6 7.
h3 Bh5 8. O-O Nge7 9. Re1 f6 10.
Nbd2 Qd7 11. Nf1 O-O-O 12. Ng3 Bg6 13. Qc2 Rde8 14. Bd2 Nd8 15. c4 c6 16. b4 dxc4 17.
Qxc4 Kb8 18. Ne4 Nd5 19. b5 Bf4 20. Nc5 Qd6 21. Bxf4 Nxf4 22. Bxg6 hxg6 23. bxc6 Qxc6 24.
Qb3 g5 25. Rab1 b6 26. a4 g4 27. hxg4 Ne2+ 28. Rxe2 Rxe2 29. a5 Re7 30. axb6 axb6 31. Na6+ Kb7 32. d5 Qd6 33. Qb5 Nf7 34. Nc5+ Kb8 35.
Qxb6+ Qxb6 36. Rxb6+ Kc7 37. Rc6+ Kb8 38. d6 Ra7 39. g3 Nd8 40. Rb6+ Ka8 41. Nd4 Re8 42. Nb5 Ra1+ 43. Kg2 Ne6 44. d7 Rd8 45. Nxe6 Rxd7 46. Nec7+ Rxc7 47. Nxc7+ Ka7 48. Re6 Rb1 49. Ne8 Rb7 50. Nd6 Rd7 51. Nf5 Kb8 52. Re7 Kc7 53. Rxd7+ Kxd7 54. Nxg7 Ke7 55. Nh5 Kf7 56. Nxf6 Kg6 57.
f4 Kxf6 58. g5+ Kg6 59. Kf3 Kf5 60. g4+ Kg6 61. Ke4 Kg7 62. f5 Kf7 63. Ke5 Ke7 64.
g6 Kf8 65. Kf6 Kg8 66. g7 Kh7 67. Kf7 Kh6 68. f6 Kg5 69. g8=Q+ Kh4 70. Kg7 Kg3 71. f7 Kf4 72. f8=Q+ Ke3 73. Qgf7 Kd4 74. Q8e8 Kc3 75.
Qfd7 Kb4 76. Qec8 Ka3 77. Qdb7 Ka2 78. Qca8# 1-0

[Event "*** Titled Tuesday Blitz"]
[Site "Chess.com"]
[Date "2020.04.28"]
[Round "9"]
[White "AlexTriapishko"]
[Black "IMRosen"]
[Result "1-0"]
[WhiteElo "2755"]
[BlackElo "2583"]
[TimeControl "180+1"]
[EndTime "11:48:02 PDT"]
[Termination "AlexTriapishko won on time"]

1. d4 d5 2. Nc3 Nf6 3. Bf4 e6 4.
Nb5 Na6 5. e3 c6 6. Nc3 Bb4 7.
Bxa6 bxa6 8. Ne2 a5 9. O-O O-O 10. Na4 Ba6 11. b3 Rc8 12. Rc1 Ba3 13. Rb1 Nd7 14.
Re1 c5 15. Bd6 Re8 16. dxc5 Bxc5 17. Bxc5 Nxc5 18. Nxc5 Rxc5 19. Qd2 Bxe2 20. Rxe2 Qc7 21. e4 dxe4 22. c4 f5 23. Rd1 a4 24. h4 axb3 25. axb3 Rb8 26. Re3 a5 27. h5 a4 28. bxa4 Rxc4 29. Rg3 f4 30. Rg4 Rf8 31. a5 f3 32.
h6 g6 33. Qb2 Rc2 34. Qd4 e3 35. Qxe3 Re2 36. Qd4 fxg2 37. Rxg2 Re5 38. Ra1 Rd5 39. Qe3 Rh5 40. Qxe6+ Qf7 41. Qxf7+ Rxf7 42. Rg3 Rxh6 43. a6 Ra7 44. Rb3 g5 45. Rb8+ Kf7 46. Rb7+ Rxb7 47. axb7 Rb6 48. Ra7 Kg6 49. Ra6 Rxa6 50. b8=Q Rf6 51.
Qg8+ Kh6 52. Kg2 Rf4 53. Kg3 Rh4 54. Qf7 Rf4 55. Qe6+ Kh5 56. Qe7 Kg6 57. Qe8+ Kg7 58. f3 h6 59. Qe5+ Kg6 60. Kf2 Kf7 61. Qh8 Kg6 62.
Qg8+ Kf6 63. Qh7 Rh4 64. Kg3 Ke6 65. Qg6+ Ke5 66. f4+ Rxf4 67. Qxh6 Kf5 68. Qh7+ Kf6 69. Qg8 Kf5 70. Qf7+ Ke5 71. Qg6 Rd4 72. Qxg5+ Ke4 73. Qf4+ Kd5 74. Qc7 Ke4 75. Kf2 Rd5 76. Qe7+ 1-0

[Event "*** Titled Tuesday Blitz"]
[Site "Chess.com"]
[Date "2020.04.28"]
[Round "9"]
[White "AminMolaei"]
[Black "CarlosRBorn"]
[Result "1-0"]
[WhiteElo "2525"]
[BlackElo "2666"]
[TimeControl "180+1"]
[EndTime "11:48:07 PDT"]
[Termination "AminMolaei won by resignation"]

1. d4 Nf6 2. c4 e6 3. g3 d5 4. Nf3 c6 5. Bg2 Nbd7 6. O-O Be7 7. Qc2 Ne4 8. Rd1 O-O 9. Nfd2 Nxd2 10. Nxd2 f5 11. Nf1 Bd6 12. Bf4 Bxf4 13. gxf4 Nf6 14.
e3 Bd7 15. Ng3 Rc8 16. Bf3 Ne4 17. Kg2 Qh4 18. Qb3 b6 19. Rac1 Rf6 20. cxd5 exd5 21. Qa3 Rh6 22. Rh1 Nd2 23. Be2 a5 24. f3 Qh3+ 25.
Kf2 Re8 26. Qc3 Nc4 27. Bf1 Qh4 28. Bxc4 dxc4 29. Qxc4+ Kh8 30. d5 c5 31. Qd3 Rd6 32. Qb3 h6 33. Kg2 Qe7 34. Rhe1 Qh4 35. Qd3 Rg6 36. Qd2 Rd6 37. e4 fxe4 38. fxe4 Bh3+ 39. Kg1 Rg6 40. Re3 Rg4 41. Rf3 Rxe4 42. d6 Rd4 43. Qe3 Rxd6 44. Qe8+ Kh7 45. Qe4+ Rgg6 46. Re1 Re6 47. Qb1 Rxe1+ 48. Qxe1 Bg4 49. Rf2 Re6 50. Qb1+ Kg8 51. f5 Re5 52. Qd3 Qe7 53. Kg2 Re3 54. Qc4+ Kh8 55. Qxg4 Qb7+ 56. Kh3 Qe7 57. Qg6 Re5 58. f6 gxf6 59. Qxh6+ Kg8 60. Rf5 Rxf5 61. Nxf5 Qh7 62. Qxh7+ Kxh7 63. Kg4 Kg6 64. Kf4 c4 65.
h4 b5 66. Nd6 b4 67. Nxc4 a4 68. Ne3 Kh5 69. Kg3 Kg6 70. a3 bxa3 71. bxa3 f5 72. Kf4 Kh5 73. Nxf5 Kg6 74. Kg4 Kf6 75. h5 Ke5 76. h6 Kf6 77. h7 Kg6 78. h8=Q Kf7 79. Qg7+ Ke6 80. Qe7+ Kd5 81. Qd6+ Kc4 82. Qb4+ Kd3 83.
Qxa4 1-0

[Event "*** Titled Tuesday Blitz"]
[Site "Chess.com"]
[Date "2020.04.28"]
[Round "9"]
[White "rpragchess"]
[Black "FairChess_on_YouTube"]
[Result "1/2-1/2"]
[WhiteElo "2837"]
[BlackElo "3049"]
[TimeControl "180+1"]
[EndTime "11:48:14 PDT"]
[Termination "Game drawn - insufficient material"]

1. Nf3 g6 2. e4 d6 3. d4 Nf6 4. Nc3 Bg7 5. Be2 O-O 6. O-O a6 7. a4 Nc6 8. d5 Nb8 9. h3 e5 10. dxe6 Bxe6 11. Nd4 Bd7 12. Re1 Nc6 13. Be3 Re8 14.
Bd3 Ng4 15. hxg4 Nxd4 16. g5 Ne6 17. f4 Bc6 18. Qf3 Nc5 19. Bf2 b5 20. axb5 axb5 21. Bxc5 Rxa1 22. Rxa1 dxc5 23. Bxb5 Bxb5 24. Nxb5 Qb8 25.
Qd3 c6 26. Na3 Qxf4 27. c3 Qxg5 28. Nc4 Rd8 29. Qf3 h5 30. Ra7 Rf8 31. Rd7 h4 32. Kh1 Be5 33. Nxe5 Qxe5 34. Qg4 Ra8 35. Rd1 Kg7 36.
Rf1 Rb8 37. Qf3 Rb7 38. Rf2 Rd7 39. Rf1 Re7 40. Qf2 c4 41. Qf3 Qxe4 42. Qf6+ Kh7 43. Kh2 Qe5+ 44. Qxe5 Rxe5 45. Rxf7+ Kh6 46. Rf4 g5 47.
Rxc4 c5 48. b4 cxb4 49. cxb4 Kh5 50. Rc5 Re3 51. b5 Rb3 52. Rd5 Kg6 53. Rd6+ Kf5 54. Rd5+ Kf4 55. Rd4+ Ke5 56. Rd2 g4 57. Rc2 Rxb5 58. Rc4 Kf5 59. Rc8 Rb1 60. Rf8+ Ke5 61. Re8+ Kf6 62. Rf8+ Kg7 63. Rf4 g3+ 64. Kh3 Rh1+ 65. Kg4 Kg6 66. Ra4 Rh2 67. Ra6+ Kf7 68. Rb6 Ke7 69. Ra6 Kf7 70. Rh6 Rxg2 71. Rxh4 Rg1 72.
Kf3 Kf6 73. Rg4 Kf5 74. Rxg3 Rf1+ 75. Kg2 Ra1 76. Rf3+ Ke4 77. Rf2 Ra3 78. Re2+ Kf4 79. Rf2+ Kg4 80. Rb2 Rf3 81. Rb4+ Rf4 82. Rxf4+ Kxf4 1/2-1/2

[Event "*** Titled Tuesday Blitz"]
[Site "Chess.com"]
[Date "2020.04.28"]
[Round "9"]
[White "Rumpel-VK"]
[Black "rasmussvane"]
[Result "1/2-1/2"]
[WhiteElo "2650"]
[BlackElo "2842"]
[TimeControl "180+1"]
[EndTime "11:48:15 PDT"]
[Termination "Game drawn - insufficient material"]

1. e4 c6 2. Nf3 d5 3. exd5 cxd5 4. Ne5 Nf6 5. d4 g6 6. Bd3 Bg7 7. O-O O-O 8. Bf4 Nc6 9. c3 Bf5 10. Bxf5 gxf5 11. Nd2 Rc8 12. Qf3 e6 13. Rfe1 Ne4 14.
Nxe4 fxe4 15. Qg3 Nxe5 16. Bxe5 f6 17. Bf4 Qe8 18. f3 f5 19. Be5 Qg6 20. fxe4 Qxg3 21. Bxg3 fxe4 22. Rf1 Bh6 23. Rae1 Bd2 24. Re2 Rxf1+ 25.
Kxf1 Rf8+ 26. Kg1 Bc1 27. Bf2 b5 28. Be3 Bxe3+ 29. Rxe3 Rb8 30. Rg3+ Kf7 31. Rh3 Kg6 32.
Rg3+ Kf6 33. Rh3 Rb7 34. Rh6+ Kf5 35. Kf2 b4 36. g4+ Kxg4 37. Rxe6 bxc3 38. bxc3 Rb2+ 39. Ke3 Rc2 40. Rc6 Rxh2 41. c4 Rh3+ 42. Ke2 dxc4 43. Rxc4 Kf4 44. Rc7 Rh2+ 45. Kf1 Rxa2 46. Rxh7 a5 47.
d5 a4 48. d6 a3 49. Ra7 Kf3 50. Rf7+ Ke3 51. Ra7 Ra1+ 52. Kg2 Kf4 53. d7 Rd1 54. Rxa3 Rxd7 55. Kf2 Rd2+ 56. Ke1 Rb2 57. Rc3 Ke5 58. Rh3 Kd4 59. Rg3 Rh2 60. Ra3 Rb2 61. Rh3 Kd5 62. Rg3 Kc4 63. Rh3 Rg2 64. Ra3 Kd4 65. Rb3 Rg5 66.
Ra3 Rh5 67. Rb3 Ra5 68. Rh3 Ra1+ 69. Ke2 Ra8 70. Ke1 Rf8 71. Ra3 Rg8 72. Ke2 Rg2+ 73. Ke1 Ke5 74. Rb3 Kf4 75. Ra3 Rb2 76. Rc3 Rb1+ 77. Ke2 Rh1 78. Ra3 Rh2+ 79. Ke1 Rg2 80. Rb3 Rg3 81. Rxg3 Kxg3 82. Ke2 e3 83. Kxe3 1/2-1/2

[Event "*** Titled Tuesday Blitz"]
[Site "Chess.com"]
[Date "2020.04.28"]
[Round "9"]
[White "LionTheLeon_06"]
[Black "Batica1984"]
[Result "1-0"]
[WhiteElo "2681"]
[BlackElo "2793"]
[TimeControl "180+1"]
[EndTime "11:48:16 PDT"]
[Termination "LionTheLeon_06 won by checkmate"]

1. d4 Nf6 2. c4 c5 3. d5 b5 4. Qc2 bxc4 5. e4 d6 6. Bxc4 Nbd7 7. Nf3 g6 8. O-O Bg7 9. Nc3 O-O 10. Bf4 Ng4 11. b3 Nge5 12. Nxe5 Nxe5 13. Be3 f5 14. exf5 Bxf5 15. Qd2 Nxc4 16. bxc4 Qa5 17. Rac1 Qb4 18. Bg5 Rf7 19. Rfe1 Qxc4 20. Bxe7 Qd4 21. Qxd4 cxd4 22. Nb5 d3 23. Rcd1 Re8 24. Bxd6 Rxe1+ 25. Rxe1 Rb7 26.
a4 a6 27. Nc7 d2 28. Re8+ Kf7 29. Re7+ Kf6 30. Ne8+ Kg5 31. h4+ Kxh4 32. Rxb7 d1=Q+ 33. Kh2 Qxd5 34. Rxg7 h5 35. Bg3+ Kg5 36. f4+ Kh6 37. Rh7+ Kxh7 38. Nf6+ Kg7 39. Nxd5 a5 40. Be1 Bd7 41. Nb6 Bc6 42. Bxa5 Kf6 43. Bc3+ Kf5 44. g3 Kg4 45. a5 h4 46. Be1 hxg3+ 47. Bxg3 g5 48.
fxg5 Kxg5 49. a6 Kf5 50. a7 Ke6 51. Kg1 Kf5 52. Kf2 Ke4 53. Ke2 Kd4 54. a8=Q Bxa8 55. Nxa8 Kc5 56. Nc7 Kc6 57. Kd3 Kc5 58. Be5 Kc6 59. Kd4 Kd7 60. Kd5 Ke7 61. Ne6 Kf7 62.
Nf4 Ke7 63. Bd6+ Kf7 64. Ke5 Kg7 65. Ke6 Kh6 66. Kf6 Kh7 67. Ng6 Kh6 68. Nf4 Kh7 69.
Bf8 Kg8 70. Bh6 Kh7 71. Bg7 Kg8 72. Bh6 Kh7 73. Bg5 Kg8 74. Ne6 Kh7 75. Kf7 Kh8 76. Ng7 Kh7 77. Ne8 Kh8 78. Ng7 Kh7 79. Bf4 Kh8 80.
Ne6 Kh7 81. Nf8+ Kh8 82. Be5# 1-0